Flames vs Blue Jackets
Created - March 21, 2018 at 23:02
Goals
|
| Flames |
1 |
3 |
3 |
7 |
| Blue Jackets |
1 |
1 |
3 |
5 |
|
Shots
|
| Flames |
10 |
15 |
10 |
35 |
| Blue Jackets |
7 |
12 |
9 |
28 |
|
1st period
1. Blue Jackets , Mike York 9 (Kevin Porter 10) at 2:53
2. Flames , Ron Hainsey 1 (Steve Regier 24, Derek Meech 18) at 10:26 (PP)
Penalties :
Erik Johnson (Cal) for Hooking (Minor) at 0:22, Branislav Mezei (Clb) for Hooking (Minor) at 9:49
2nd period
3. Flames , Steve Regier 20 (Erik Johnson 41, Jordin Tootoo 24) at 2:41 (PP)
4. Flames , Patrik Berglund 25 (Lubomir Visnovsky 14, Jordin Tootoo 25) at 10:04
5. Blue Jackets , Mike York 10 (Mike Lundin 22, Kevin Porter 11) at 13:36
6. Flames , Marcus Nilson 15 (Mikhail Grabovski 7) at 17:15
Penalties :
Alexander Semin (Cal) for Slashing (Minor) at 0:09, Rick DiPietro (Clb) for Unsportsmanlike conduct (Minor) at 2:29 - David Booth served the penalty, Peter Worrell (Clb) for High sticking (Minor) at 3:15
3rd period
7. Blue Jackets , Martin Havlat 35 (Peter Mueller 23) at 2:14 (PP)
8. Blue Jackets , Peter Mueller 20 (Martin Havlat 38, David Booth 30) at 3:16 (PP)
9. Flames , Jordin Tootoo 14 (Patrik Berglund 28, Erik Johnson 42) at 5:01
10. Flames , Jordin Tootoo 15 (Brad Marchand 14, Colin Wilson 16) at 8:41
11. Flames , Michel Ouellet 9 (Colin Wilson 17) at 10:49
12. Blue Jackets , Peter Worrell 14 (Ryan O'Byrne 12, Mike Brown 20) at 16:04
Penalties :
Alexander Semin (Cal) for Hooking (Minor) at 1:49, Mikhail Grabovski (Cal) for Hooking (Minor) at 2:05, Mike Brown (Clb) for Hooking (Minor) at 11:33, Martin Havlat (Clb) for Hooking (Minor) at 16:44
Goalie Stats
Pekka Rinne (Cal), 23 saves from 28 shots - (0.821), W, 27-19-5, 60:00 minutes
Rick DiPietro (Clb), 28 saves from 35 shots - (0.800), L, 26-28-2, 60:00 minutes
Players Stats for Flames
Player Name G A P +/- PIM S H SB GA TA FO MP PP MP PK MP
------------------------------------------------------------------------------------
Alexander Semin 0 0 0 0 4 3 0 2 2 0 2/5 21:38 3:37 1:29
Brad Marchand 0 1 1 2 0 1 3 1 1 1 0/0 16:20 0:00 2:08
Colin Wilson 0 2 2 0 0 1 1 0 0 0 2/6 9:21 0:00 0:00
David Backes 0 0 0 0 0 2 1 1 2 0 0/0 19:50 3:37 0:00
Derek Meech 0 1 1 0 0 2 0 1 0 0 0/0 17:04 4:21 1:26
Eric Staal 0 0 0 0 0 1 2 2 0 1 21/36 22:29 3:37 2:18
Erik Johnson 0 2 2 -1 2 2 3 5 1 1 0/0 23:40 4:21 0:29
Jonathan Ferland 0 0 0 0 0 0 0 0 0 0 0/1 8:09 0:00 0:00
Jordin Tootoo 2 2 4 2 0 3 6 1 1 1 0/0 19:04 3:09 2:08
Lubomir Visnovsky 0 1 1 3 0 1 1 1 0 0 0/0 21:07 0:00 4:06
Marcus Nilson 1 0 1 0 0 2 1 0 1 0 0/1 8:06 0:00 0:10
Michel Ouellet 1 0 1 0 0 1 0 0 0 0 0/0 9:19 0:00 0:00
Mikhail Grabovski 0 1 1 0 2 1 1 0 1 0 1/3 10:36 0:00 2:27
Patrik Berglund 1 1 2 2 0 5 1 0 0 0 10/15 16:51 3:09 0:00
Ron Hainsey 1 0 1 0 0 2 1 1 0 0 0/0 15:00 2:25 0:38
Sami Vatanen 0 0 0 -1 0 0 1 1 0 0 0/0 22:11 2:25 0:15
Steve Eminger 0 0 0 3 0 0 1 0 0 1 0/0 20:57 0:00 3:56
Steve Regier 1 1 2 0 0 8 1 0 0 0 1/2 12:40 3:09 0:00
Players Stats for Blue Jackets
Player Name G A P +/- PIM S H SB GA TA FO MP PP MP PK MP
------------------------------------------------------------------------------------
A.J Thelen 0 0 0 -1 0 0 0 0 0 0 0/0 6:36 0:00 0:00
Andreas Nodl 0 0 0 0 0 1 2 0 0 0 0/1 12:39 0:00 0:00
Branislav Mezei 0 0 0 0 2 0 0 0 0 1 0/0 27:01 3:30 3:46
Dave Steckel 0 0 0 1 0 0 2 0 0 0 7/17 18:15 1:48 1:14
David Booth 0 1 1 -3 0 4 2 0 2 0 5/8 26:14 3:37 3:56
François Beauchemin 0 0 0 0 0 0 0 0 0 0 0/0 18:30 1:55 2:23
Jeff Taffe 0 0 0 0 0 0 0 0 0 1 0/0 6:25 0:00 1:16
Kevin Porter 0 2 2 0 0 0 0 0 0 1 5/9 14:16 0:00 1:41
Martin Havlat 1 1 2 -3 2 7 0 1 2 2 0/0 25:26 3:37 3:05
Mike Brown 0 1 1 1 2 1 0 0 0 1 0/1 17:29 1:48 0:00
Mike Commodore 0 0 0 -1 0 0 0 0 0 0 0/0 5:46 0:00 0:00
Mike Lundin 0 1 1 0 0 4 4 4 1 0 0/0 27:18 3:30 4:23
Mike York 2 0 2 0 0 3 1 0 0 0 0/0 13:45 0:00 1:41
Peter Mueller 1 1 2 -3 0 3 1 0 0 1 15/32 18:59 3:37 0:00
Peter Worrell 1 0 1 1 2 3 4 1 0 0 0/1 18:19 1:48 0:39
Ryan O'Byrne 0 1 1 0 0 2 1 0 0 1 0/0 18:17 1:55 2:23
Tim Ramholt 0 0 0 -1 0 0 0 1 0 0 0/0 9:16 0:00 0:37
Torey Krug 0 0 0 -1 0 0 0 0 0 1 0/0 8:39 0:00 0:00
3 Stars
1 - Jordin Tootoo (Cal)
2 - Patrik Berglund (Cal)
3 - Mike York (Clb)
Power Play
Flames - 2 on 5 Attempt(s) - 40.00%
Blue Jackets - 2 on 4 Attempt(s) - 50.00%
Penalty Kill
Flames - 2 on 4 Attempt(s) - 50.00%
- Score 0 goal in Penalty Kill
Blue Jackets - 3 on 5 Attempt(s) - 60.00%
- Score 0 goal in Penalty Kill
Team Stat
Flames - Hits : 24 - Faceoff Wins : 37 - Blocked Shots : 16 - Penalty Minutes : 8
Blue Jackets - Hits : 17 - Faceoff Wins : 32 - Blocked Shots : 7 - Penalty Minutes : 10
Official
Referees : Sutherland Kelly and Hebert Ghislain
Linesman : Jay Sharrers and Mark Shewchyk
Game Notes
No Game Note
Finance
Level 1 -- Attendance: 4718 (78.63%) -- Ticket Income $448,210
Level 2 -- Attendance: 3821 (76.42%) -- Ticket Income $229,260
Level 3 -- Attendance: 2000 (100.00%) -- Ticket Income $70,000
Level 4 -- Attendance: 3494 (87.35%) -- Ticket Income $87,350
Luxury Box -- Attendance: 662 (66.20%) -- Ticket Income $125,780
Game was played at the Ohio State Arena.
Total Attendance: 14695 (81.64%)
Total Ticket Income: $960,600
Other Income: $144,090
Total Income: $1,104,690
Flames
5 vs 5 Forward
Center Left Wing Right Wing Time % Phy DF OF
1 Eric Staal Alexander Semin David Backes 40 0 2 3
2 Patrik Berglund Brad Marchand Jordin Tootoo 33 0 2 3
3 Colin Wilson Steve Regier Michel Ouellet 19 0 2 3
4 Mikhail Grabovski Marcus Nilson Jonathan Ferland 8 0 3 2
5 vs 5 Defense
Defense Defense Time % Phy DF OF
1 Sami Vatanen Erik Johnson 38 1 2 2
2 Lubomir Visnovsky Steve Eminger 29 1 2 2
3 Derek Meech Ron Hainsey 23 1 2 2
4 Lubomir Visnovsky Steve Eminger 10 1 2 2
PowerPlay Forward
Center Left Wing Right Wing Time % Phy DF OF
1 Eric Staal Alexander Semin David Backes 60 1 1 3
2 Patrik Berglund Steve Regier Jordin Tootoo 40 1 1 3
PowerPlay Defense
Defense Defense Time % Phy DF OF
1 Derek Meech Erik Johnson 60 1 1 3
2 Sami Vatanen Ron Hainsey 40 1 1 3
Penalty Kill 4 Players Forward
Center Wing Time % Phy DF OF
1 Mikhail Grabovski Alexander Semin 50 1 3 1
2 Eric Staal Jordin Tootoo 50 1 3 1
Penalty Kill 4 Players Defense
Defense Defense Time % Phy DF OF
1 Lubomir Visnovsky Steve Eminger 58 1 3 1
2 Derek Meech Erik Johnson 42 1 3 1
Penalty Kill - 3 Players Forward
Forward Time % Phy DF OF
1 Eric Staal 50 1 3 1
2 Alexander Semin 50 1 3 1
Penalty Kill - 3 Players Defense
Defense Defense Time % Phy DF OF
1 Lubomir Visnovsky Steve Eminger 58 1 3 1
2 Derek Meech Erik Johnson 42 1 3 1
4 vs 4 Forward
Center Wing Time % Phy DF OF
1 Eric Staal Alexander Semin 60 1 2 2
2 Patrik Berglund Jordin Tootoo 40 1 2 2
4 vs 4 Defense
Defense Defense Time % Phy DF OF
1 Derek Meech Erik Johnson 60 1 2 2
2 Lubomir Visnovsky Steve Eminger 40 1 2 2
Last Minutes Offensive
Center Left Wing Right Wing Defense Defense
Eric Staal Alexander Semin David Backes Sami Vatanen Erik Johnson
Last Minutes Defensive
Center Left Wing Right Wing Defense Defense
Eric Staal Alexander Semin David Backes Lubomir Visnovsky Erik Johnson
Goaltenders
Starting : Pekka Rinne
Backup : Josh Harding
Extra Forwards
Normal : Brad Marchand, Jordin Tootoo, Patrik Berglund - PP : Brad Marchand, Jordin Tootoo - PK : Brad Marchand
Extra Defensemen
Normal : Derek Meech, Steve Eminger, Lubomir Visnovsky - PP : Derek Meech - PK : Erik Johnson, Ron Hainsey
Penalty Shots
Eric Staal, Alexander Semin, David Backes, Patrik Berglund, Colin Wilson
Scratches
Brendan Mikkelson (Healthy)
Blue Jackets
5 vs 5 Forward
Center Left Wing Right Wing Time % Phy DF OF
1 Peter Mueller David Booth Martin Havlat 40 1 2 2
2 Dave Steckel Peter Worrell Mike Brown 30 1 2 2
3 Kevin Porter Mike York Andreas Nodl 20 1 2 2
4 David Booth Jeff Taffe Martin Havlat 10 1 2 2
5 vs 5 Defense
Defense Defense Time % Phy DF OF
1 Mike Lundin Branislav Mezei 40 1 2 2
2 Ryan O'Byrne François Beauchemin 30 1 2 2
3 Torey Krug Tim Ramholt 20 1 2 2
4 Mike Commodore A.J Thelen 10 1 2 2
PowerPlay Forward
Center Left Wing Right Wing Time % Phy DF OF
1 Peter Mueller David Booth Martin Havlat 60 1 2 2
2 Dave Steckel Peter Worrell Mike Brown 40 1 2 2
PowerPlay Defense
Defense Defense Time % Phy DF OF
1 Mike Lundin Branislav Mezei 60 1 2 2
2 Ryan O'Byrne François Beauchemin 40 1 2 2
Penalty Kill 4 Players Forward
Center Wing Time % Phy DF OF
1 David Booth Martin Havlat 60 1 2 2
2 Peter Worrell Mike York 40 1 2 2
Penalty Kill 4 Players Defense
Defense Defense Time % Phy DF OF
1 Mike Lundin Branislav Mezei 60 1 2 2
2 Ryan O'Byrne François Beauchemin 40 1 2 2
Penalty Kill - 3 Players Forward
Forward Time % Phy DF OF
1 David Booth 60 1 2 2
2 Martin Havlat 40 1 2 2
Penalty Kill - 3 Players Defense
Defense Defense Time % Phy DF OF
1 Mike Lundin Branislav Mezei 60 1 2 2
2 Ryan O'Byrne François Beauchemin 40 1 2 2
4 vs 4 Forward
Center Wing Time % Phy DF OF
1 David Booth Martin Havlat 60 1 2 2
2 Peter Worrell Mike York 40 1 2 2
4 vs 4 Defense
Defense Defense Time % Phy DF OF
1 Mike Lundin Branislav Mezei 60 1 2 2
2 Ryan O'Byrne François Beauchemin 40 1 2 2
Last Minutes Offensive
Center Left Wing Right Wing Defense Defense
Peter Mueller David Booth Martin Havlat Mike Lundin Branislav Mezei
Last Minutes Defensive
Center Left Wing Right Wing Defense Defense
Peter Mueller David Booth Martin Havlat Mike Lundin Branislav Mezei
Goaltenders
Starting : Rick DiPietro
Backup : Keith Kinkaid
Extra Forwards
Normal : Andreas Nodl, Jeff Taffe, Kevin Porter - PP : Andreas Nodl, Jeff Taffe - PK : Kevin Porter
Extra Defensemen
Normal : Torey Krug, Tim Ramholt, Mike Commodore - PP : Torey Krug - PK : Tim Ramholt, Mike Commodore
Penalty Shots
David Booth, Martin Havlat, Peter Worrell, Mike York, Mike Brown
Scratches
Antti Miettinen (Healthy), Jan Bulis (Left Knee Injury), Patrick O'Sullivan (Healthy)
% Time on Ice - Flames
Lines # - Real PCT - Wanted PCT - Time Play
Normal Forward
1 - 36% - 40% - 17:08
2 - 29% - 33% - 13:58
3 - 19% - 19% - 9:19
4 - 15% - 8% - 7:24
Normal Defense
1 - 39% - 38% - 18:30
2 - 31% - 29% - 14:48
3 - 23% - 23% - 10:56
4 - 7% - 10% - 3:35
PP Forward
1 - 53% - 60% - 3:37
2 - 47% - 40% - 3:09
PP Defense
1 - 64% - 60% - 4:21
2 - 36% - 40% - 2:25
PK Forward
1 - 57% - 50% - 2:59
2 - 43% - 50% - 2:17
PK Defense
1 - 72% - 58% - 3:47
2 - 28% - 42% - 1:29
PK3 Forward
1 - 100% - 50% - 0:09
2 - 0% - 50% - 0:00
PK3 Defense
1 - 100% - 58% - 0:09
2 - 0% - 42% - 0:00
44 Forward
1 - 0% - 60%
2 - 0% - 40%
44 Defense
1 - 0% - 60%
2 - 0% - 40%
Last Minute Offensive - 0:00
Last Minute Defensive - 0:00
Total
Forward - 60:00
Defense - 60:00
|
% Time on Ice - Blue Jackets
Lines # - Real PCT - Wanted PCT - Time Play
Normal Forward
1 - 33% - 40% - 15:44
2 - 34% - 30% - 16:08
3 - 25% - 20% - 12:00
4 - 8% - 10% - 3:57
Normal Defense
1 - 41% - 40% - 19:25
2 - 29% - 30% - 13:59
3 - 18% - 20% - 8:39
4 - 12% - 10% - 5:46
PP Forward
1 - 67% - 60% - 3:37
2 - 33% - 40% - 1:48
PP Defense
1 - 65% - 60% - 3:30
2 - 35% - 40% - 1:55
PK Forward
1 - 81% - 60% - 5:28
2 - 19% - 40% - 1:18
PK Defense
1 - 65% - 60% - 4:23
2 - 35% - 40% - 2:23
PK3 Forward
1 - 0% - 60%
2 - 0% - 40%
PK3 Defense
1 - 0% - 60%
2 - 0% - 40%
44 Forward
1 - 0% - 60%
2 - 0% - 40%
44 Defense
1 - 0% - 60%
2 - 0% - 40%
Last Minute Offensive - 0:00
Last Minute Defensive - 0:00
Total
Forward - 60:00
Defense - 60:00
|
Play by Play
1st period
0:01 of 1st period - Alexander Semin wins face-off versus Peter Mueller in neutral zone.
0:22 of 1st period - Minor Penalty to Erik Johnson for Hooking.
0:23 of 1st period - Peter Mueller wins face-off versus Mikhail Grabovski in Flames zone.
0:40 of 1st period - Snap shot by Peter Mueller.
0:40 of 1st period - Stopped by Pekka Rinne with a rebound.
2:22 of 1st period - Penalty to Erik Johnson is over, Erik Johnson is back on ice.
2:32 of 1st period - Slapshot by Steve Regier.
2:32 of 1st period - Shot Misses the Net.
2:34 of 1st period - Snap shot by Steve Regier.
2:34 of 1st period - Stopped by Rick DiPietro without a rebound.
2:35 of 1st period - Colin Wilson wins face-off versus Kevin Porter in Blue Jackets zone.
2:38 of 1st period - Wrist shot by Steve Regier.
2:38 of 1st period - Shot Misses the Net.
2:43 of 1st period - Off-side.
2:44 of 1st period - Kevin Porter wins face-off versus Colin Wilson in neutral zone.
2:51 of 1st period - Wrist shot by Kevin Porter.
2:51 of 1st period - Shot Misses the Net.
2:53 of 1st period - Snap shot by Mike York.
2:53 of 1st period - Goal by Mike York - Flames : 0 - Blue Jackets : 1.
2:54 of 1st period - Dave Steckel wins face-off versus Patrik Berglund in neutral zone.
3:51 of 1st period - Slapshot by Mikhail Grabovski.
3:51 of 1st period - Shot Misses the Net.
4:05 of 1st period - Snap shot by Dave Steckel.
4:05 of 1st period - Shot Misses the Net.
4:38 of 1st period - Kevin Porter is hit by Erik Johnson and loses puck.
5:03 of 1st period - Wrist shot by Marcus Nilson.
5:03 of 1st period - Stopped by Rick DiPietro without a rebound.
5:04 of 1st period - Peter Mueller wins face-off versus Jonathan Ferland in Blue Jackets zone.
5:29 of 1st period - Icing by Steve Eminger.
5:30 of 1st period - Mikhail Grabovski wins face-off versus Dave Steckel in Flames zone.
5:37 of 1st period - Ryan O'Byrne is hit by Brad Marchand and loses puck.
6:07 of 1st period - Wrist shot by Martin Havlat.
6:07 of 1st period - Shot Blocked by Alexander Semin.
6:23 of 1st period - Snap shot by Colin Wilson.
6:23 of 1st period - Stopped by Rick DiPietro without a rebound.
6:24 of 1st period - Dave Steckel wins face-off versus Colin Wilson in Blue Jackets zone.
6:24 of 1st period - Dave Steckel is hit by Colin Wilson.
6:51 of 1st period - Snap shot by Steve Regier.
6:51 of 1st period - Stopped by Rick DiPietro without a rebound.
6:52 of 1st period - Peter Mueller wins face-off versus Patrik Berglund in Blue Jackets zone.
6:52 of 1st period - Peter Mueller is hit by Jordin Tootoo.
7:26 of 1st period - Snap shot by Mike Brown.
7:26 of 1st period - Deflect By Peter Worrell.
7:26 of 1st period - Stopped by Pekka Rinne without a rebound.
7:27 of 1st period - Eric Staal wins face-off versus Dave Steckel in Flames zone.
7:32 of 1st period - Snap shot by Erik Johnson.
7:32 of 1st period - Deflect By David Backes.
7:32 of 1st period - Stopped by Rick DiPietro without a rebound.
7:33 of 1st period - Eric Staal wins face-off versus Peter Mueller in Blue Jackets zone.
7:46 of 1st period - Snap shot by David Booth.
7:46 of 1st period - Shot Misses the Net.
8:10 of 1st period - Snap shot by Patrik Berglund.
8:10 of 1st period - Stopped by Rick DiPietro with a rebound.
8:36 of 1st period - Erik Johnson is hit by Mike York and loses puck.
8:46 of 1st period - Icing by Erik Johnson.
8:47 of 1st period - David Booth wins face-off versus Marcus Nilson in Flames zone.
8:48 of 1st period - Wrist shot by Martin Havlat.
8:48 of 1st period - Shot Misses the Net.
8:50 of 1st period - Wrist shot by Martin Havlat.
8:50 of 1st period - Stopped by Pekka Rinne with a rebound.
8:52 of 1st period - Slapshot by Mike Commodore.
8:52 of 1st period - Shot Misses the Net.
8:54 of 1st period - Wrist shot by David Booth.
8:54 of 1st period - Stopped by Pekka Rinne without a rebound.
8:55 of 1st period - Peter Mueller wins face-off versus Eric Staal in Flames zone.
9:46 of 1st period - Snap shot by Michel Ouellet.
9:46 of 1st period - Deflect By Steve Regier.
9:46 of 1st period - Shot Misses the Net.
9:46 of 1st period - Puck is out of play.
9:47 of 1st period - Kevin Porter wins face-off versus Eric Staal in Blue Jackets zone.
9:49 of 1st period - Minor Penalty to Branislav Mezei for Hooking.
9:50 of 1st period - David Booth wins face-off versus Eric Staal in Blue Jackets zone.
9:50 of 1st period - David Booth is hit by Eric Staal.
10:17 of 1st period - David Booth is hit by Erik Johnson and loses puck.
10:22 of 1st period - Wrist shot by Steve Regier.
10:22 of 1st period - Stopped by Rick DiPietro with a rebound.
10:24 of 1st period - Snap shot by Steve Regier.
10:24 of 1st period - Stopped by Rick DiPietro with a rebound.
10:26 of 1st period - Slapshot by Ron Hainsey.
10:26 of 1st period - Goal by Ron Hainsey - Flames : 1 - Blue Jackets : 1.
10:27 of 1st period - Eric Staal wins face-off versus Dave Steckel in neutral zone.
10:36 of 1st period - Snap shot by Alexander Semin.
10:36 of 1st period - Shot Misses the Net.
10:38 of 1st period - Wrist shot by Derek Meech.
10:38 of 1st period - Deflect By Mike Lundin.
10:38 of 1st period - Stopped by Rick DiPietro without a rebound.
10:39 of 1st period - Eric Staal wins face-off versus Peter Mueller in Blue Jackets zone.
10:48 of 1st period - Snap shot by David Backes.
10:48 of 1st period - Shot Misses the Net.
10:56 of 1st period - Slapshot by Martin Havlat.
10:56 of 1st period - Stopped by Pekka Rinne without a rebound.
10:57 of 1st period - Dave Steckel wins face-off versus Patrik Berglund in Flames zone.
12:32 of 1st period - Mike Lundin is hit by Lubomir Visnovsky and loses puck.
13:09 of 1st period - Icing by Mike Lundin.
13:10 of 1st period - Kevin Porter wins face-off versus Colin Wilson in Blue Jackets zone.
13:10 of 1st period - Kevin Porter is hit by Steve Regier.
13:35 of 1st period - Andreas Nodl is hit by Jordin Tootoo and loses puck.
13:48 of 1st period - Wrist shot by Mike York.
13:48 of 1st period - Shot Blocked by Jordin Tootoo.
13:50 of 1st period - Wrist shot by Kevin Porter.
13:50 of 1st period - Shot Blocked by Erik Johnson.
15:08 of 1st period - Off-side.
15:09 of 1st period - Peter Mueller wins face-off versus Eric Staal in neutral zone.
15:22 of 1st period - Wrist shot by David Booth.
15:22 of 1st period - Stopped by Pekka Rinne with a rebound.
15:40 of 1st period - Ron Hainsey is hit by Dave Steckel and loses puck.
16:34 of 1st period - Snap shot by Marcus Nilson.
16:34 of 1st period - Shot Misses the Net.
17:02 of 1st period - Branislav Mezei is hit by Marcus Nilson and loses puck.
18:11 of 1st period - Mike Lundin is hit by Sami Vatanen and loses puck.
19:00 of 1st period - Dave Steckel is hit by Brad Marchand.
19:58 of 1st period - Icing by Brad Marchand.
19:59 of 1st period - Dave Steckel wins face-off versus Colin Wilson in Flames zone.
Goals for this period are 1 for Flames vs 1 for Blue Jackets.
Shots for this period are 10 for Flames vs 7 for Blue Jackets.
2nd period
0:01 of 2nd period - Peter Mueller wins face-off versus Eric Staal in neutral zone.
0:06 of 2nd period - Snap shot by Martin Havlat.
0:06 of 2nd period - Stopped by Pekka Rinne without a rebound.
0:07 of 2nd period - Eric Staal wins face-off versus Peter Mueller in Flames zone.
0:09 of 2nd period - Minor Penalty to Alexander Semin for Slashing.
0:10 of 2nd period - Peter Mueller wins face-off versus Mikhail Grabovski in Flames zone.
0:20 of 2nd period - Snap shot by Martin Havlat.
0:20 of 2nd period - Deflect By Peter Mueller.
0:20 of 2nd period - Shot Misses the Net.
0:20 of 2nd period - Puck is out of play.
0:21 of 2nd period - Peter Mueller wins face-off versus Eric Staal in Flames zone.
0:43 of 2nd period - Off-side.
0:44 of 2nd period - Dave Steckel wins face-off versus Eric Staal in neutral zone.
0:49 of 2nd period - Slapshot by Mike Lundin.
0:49 of 2nd period - Stopped by Pekka Rinne without a rebound.
0:50 of 2nd period - Eric Staal wins face-off versus Dave Steckel in Flames zone.
1:20 of 2nd period - Lubomir Visnovsky is hit by David Booth and loses puck.
2:09 of 2nd period - Penalty to Alexander Semin is over, Alexander Semin is back on ice.
2:27 of 2nd period - Snap shot by Eric Staal.
2:27 of 2nd period - Shot Misses the Net.
2:29 of 2nd period - Slapshot by Erik Johnson.
2:29 of 2nd period - Deflect By David Booth.
2:29 of 2nd period - Stopped by Rick DiPietro without a rebound.
2:29 of 2nd period - Minor Penalty to Rick DiPietro for Unsportsmanlike conduct.
2:30 of 2nd period - Patrik Berglund wins face-off versus Kevin Porter in Blue Jackets zone.
2:39 of 2nd period - Slapshot by Erik Johnson.
2:39 of 2nd period - Stopped by Rick DiPietro with a rebound.
2:41 of 2nd period - Snap shot by Steve Regier.
2:41 of 2nd period - Goal by Steve Regier - Flames : 2 - Blue Jackets : 1.
2:42 of 2nd period - Eric Staal wins face-off versus Peter Mueller in neutral zone.
3:15 of 2nd period - Minor Penalty to Peter Worrell for High sticking.
3:16 of 2nd period - David Booth wins face-off versus Eric Staal in Blue Jackets zone.
3:28 of 2nd period - Slapshot by Derek Meech.
3:28 of 2nd period - Stopped by Rick DiPietro with a rebound.
3:30 of 2nd period - Slapshot by David Backes.
3:30 of 2nd period - Shot Misses the Net.
3:32 of 2nd period - Wrist shot by Eric Staal.
3:32 of 2nd period - Deflect By David Backes.
3:32 of 2nd period - Shot Misses the Net.
3:32 of 2nd period - Puck is out of play.
3:33 of 2nd period - David Booth wins face-off versus Eric Staal in Blue Jackets zone.
5:15 of 2nd period - Penalty to Peter Worrell is over, Peter Worrell is back on ice.
5:22 of 2nd period - Slapshot by Mikhail Grabovski.
5:22 of 2nd period - Shot Blocked by Peter Worrell.
5:46 of 2nd period - Steve Regier is hit by Peter Worrell.
6:20 of 2nd period - Andreas Nodl is hit by Eric Staal and loses puck.
7:31 of 2nd period - David Booth is hit by Jordin Tootoo.
7:35 of 2nd period - Patrik Berglund is hit by Peter Mueller.
7:45 of 2nd period - Wrist shot by David Backes.
7:45 of 2nd period - Stopped by Rick DiPietro without a rebound.
7:46 of 2nd period - Kevin Porter wins face-off versus Alexander Semin in Blue Jackets zone.
8:43 of 2nd period - Slapshot by Ron Hainsey.
8:43 of 2nd period - Deflect By Brad Marchand.
8:43 of 2nd period - Shot Blocked by Mike Lundin.
8:43 of 2nd period - Puck is out of play.
8:44 of 2nd period - Patrik Berglund wins face-off versus Dave Steckel in Blue Jackets zone.
8:47 of 2nd period - Slapshot by Patrik Berglund.
8:47 of 2nd period - Stopped by Rick DiPietro without a rebound.
8:48 of 2nd period - Peter Mueller wins face-off versus Patrik Berglund in Blue Jackets zone.
9:01 of 2nd period - David Booth is hit by Brad Marchand and loses puck.
9:14 of 2nd period - Brad Marchand is hit by Andreas Nodl and loses puck.
9:56 of 2nd period - Snap shot by Brad Marchand.
9:56 of 2nd period - Shot Blocked by Tim Ramholt.
9:58 of 2nd period - Wrist shot by Brad Marchand.
9:58 of 2nd period - Stopped by Rick DiPietro with a rebound.
10:00 of 2nd period - Snap shot by Jordin Tootoo.
10:00 of 2nd period - Shot Misses the Net.
10:04 of 2nd period - Slapshot by Patrik Berglund.
10:04 of 2nd period - Goal by Patrik Berglund - Flames : 3 - Blue Jackets : 1.
10:05 of 2nd period - Alexander Semin wins face-off versus Peter Mueller in neutral zone.
10:08 of 2nd period - Snap shot by David Backes.
10:08 of 2nd period - Shot Misses the Net.
10:16 of 2nd period - Slapshot by David Booth.
10:16 of 2nd period - Shot Blocked by David Backes.
10:22 of 2nd period - Slapshot by Martin Havlat.
10:22 of 2nd period - Stopped by Pekka Rinne without a rebound.
10:23 of 2nd period - Colin Wilson wins face-off versus Dave Steckel in Flames zone.
11:25 of 2nd period - Icing by Mike Lundin.
11:26 of 2nd period - Eric Staal wins face-off versus Kevin Porter in Blue Jackets zone.
11:35 of 2nd period - Snap shot by Mike Lundin.
11:35 of 2nd period - Shot Blocked by Erik Johnson.
11:37 of 2nd period - Wrist shot by Mike York.
11:37 of 2nd period - Shot Misses the Net.
11:39 of 2nd period - Snap shot by Mike York.
11:39 of 2nd period - Stopped by Pekka Rinne with a rebound.
11:41 of 2nd period - Slapshot by Mike Lundin.
11:41 of 2nd period - Stopped by Pekka Rinne with a rebound.
11:43 of 2nd period - Wrist shot by Andreas Nodl.
11:43 of 2nd period - Shot Blocked by Eric Staal.
11:45 of 2nd period - Snap shot by Andreas Nodl.
11:45 of 2nd period - Shot Misses the Net.
11:47 of 2nd period - Slapshot by Mike Lundin.
11:47 of 2nd period - Shot Misses the Net.
11:49 of 2nd period - Snap shot by Kevin Porter.
11:49 of 2nd period - Shot Misses the Net.
11:51 of 2nd period - Slapshot by Mike Lundin.
11:51 of 2nd period - Stopped by Pekka Rinne without a rebound.
11:52 of 2nd period - Patrik Berglund wins face-off versus Peter Mueller in Flames zone.
11:52 of 2nd period - Patrik Berglund is hit by Ryan O'Byrne.
12:07 of 2nd period - Off-side.
12:08 of 2nd period - Dave Steckel wins face-off versus Alexander Semin in neutral zone.
12:17 of 2nd period - Wrist shot by Peter Worrell.
12:17 of 2nd period - Stopped by Pekka Rinne with a rebound.
12:19 of 2nd period - Slapshot by Ryan O'Byrne.
12:19 of 2nd period - Stopped by Pekka Rinne without a rebound.
12:20 of 2nd period - Eric Staal wins face-off versus Peter Mueller in Flames zone.
12:37 of 2nd period - Snap shot by Alexander Semin.
12:37 of 2nd period - Stopped by Rick DiPietro with a rebound.
12:44 of 2nd period - Icing by Ryan O'Byrne.
12:45 of 2nd period - Patrik Berglund wins face-off versus Peter Mueller in Blue Jackets zone.
13:22 of 2nd period - Wrist shot by Dave Steckel.
13:22 of 2nd period - Deflect By Mike Brown.
13:22 of 2nd period - Stopped by Pekka Rinne without a rebound.
13:23 of 2nd period - Patrik Berglund wins face-off versus Kevin Porter in Flames zone.
13:32 of 2nd period - Wrist shot by Kevin Porter.
13:32 of 2nd period - Shot Blocked by Erik Johnson.
13:34 of 2nd period - Slapshot by Mike Lundin.
13:34 of 2nd period - Shot Blocked by Brad Marchand.
13:36 of 2nd period - Snap shot by Mike York.
13:36 of 2nd period - Goal by Mike York - Flames : 3 - Blue Jackets : 2.
13:37 of 2nd period - Eric Staal wins face-off versus Peter Mueller in neutral zone.
13:52 of 2nd period - Wrist shot by Martin Havlat.
13:52 of 2nd period - Stopped by Pekka Rinne with a rebound.
14:12 of 2nd period - Slapshot by Dave Steckel.
14:12 of 2nd period - Shot Blocked by Sami Vatanen.
14:14 of 2nd period - Slapshot by Mike Lundin.
14:14 of 2nd period - Shot Blocked by Erik Johnson.
14:31 of 2nd period - Snap shot by Michel Ouellet.
14:31 of 2nd period - Shot Misses the Net.
14:33 of 2nd period - Snap shot by Michel Ouellet.
14:33 of 2nd period - Shot Misses the Net.
14:53 of 2nd period - François Beauchemin is hit by David Backes.
15:29 of 2nd period - Wrist shot by Andreas Nodl.
15:29 of 2nd period - Stopped by Pekka Rinne with a rebound.
16:08 of 2nd period - Colin Wilson is hit by Andreas Nodl and loses puck.
16:12 of 2nd period - Icing by Lubomir Visnovsky.
16:13 of 2nd period - Kevin Porter wins face-off versus Steve Regier in Flames zone.
16:20 of 2nd period - Wrist shot by Steve Regier.
16:20 of 2nd period - Stopped by Rick DiPietro with a rebound.
16:38 of 2nd period - Lubomir Visnovsky is hit by Dave Steckel and loses puck.
17:15 of 2nd period - Snap shot by Marcus Nilson.
17:15 of 2nd period - Goal by Marcus Nilson - Flames : 4 - Blue Jackets : 2.
17:16 of 2nd period - Eric Staal wins face-off versus Peter Mueller in neutral zone.
17:53 of 2nd period - Wrist shot by Jordin Tootoo.
17:53 of 2nd period - Stopped by Rick DiPietro without a rebound.
17:54 of 2nd period - Patrik Berglund wins face-off versus Dave Steckel in Blue Jackets zone.
17:55 of 2nd period - Wrist shot by Jordin Tootoo.
17:55 of 2nd period - Deflect By Patrik Berglund.
17:55 of 2nd period - Shot Hit the Post.
17:55 of 2nd period - Puck is out of play.
17:56 of 2nd period - Patrik Berglund wins face-off versus Mike Brown in Blue Jackets zone.
17:57 of 2nd period - Wrist shot by Jordin Tootoo.
17:57 of 2nd period - Shot Misses the Net.
17:59 of 2nd period - Snap shot by Jordin Tootoo.
17:59 of 2nd period - Shot Misses the Net.
18:01 of 2nd period - Wrist shot by Patrik Berglund.
18:01 of 2nd period - Stopped by Rick DiPietro without a rebound.
18:02 of 2nd period - Dave Steckel wins face-off versus Patrik Berglund in Blue Jackets zone.
18:11 of 2nd period - Slapshot by Dave Steckel.
18:11 of 2nd period - Shot Misses the Net.
18:17 of 2nd period - Ryan O'Byrne is hit by Jordin Tootoo.
19:57 of 2nd period - Snap shot by Alexander Semin.
19:57 of 2nd period - Stopped by Rick DiPietro with a rebound.
19:59 of 2nd period - Slapshot by Ron Hainsey.
19:59 of 2nd period - Deflect By Mike Brown.
19:59 of 2nd period - Stopped by Rick DiPietro without a rebound.
Goals for this period are 3 for Flames vs 1 for Blue Jackets.
Shots for this period are 15 for Flames vs 12 for Blue Jackets.
3rd period
0:01 of 3rd period - Peter Mueller wins face-off versus Alexander Semin in neutral zone.
0:15 of 3rd period - David Booth is hit by Ron Hainsey and loses puck.
0:26 of 3rd period - Branislav Mezei is hit by Jordin Tootoo and loses puck.
0:45 of 3rd period - Steve Eminger is hit by Mike Lundin and loses puck.
0:52 of 3rd period - Kevin Porter is hit by Steve Eminger and loses puck.
1:26 of 3rd period - Off-side.
1:27 of 3rd period - Eric Staal wins face-off versus Dave Steckel in neutral zone.
1:49 of 3rd period - Minor Penalty to Alexander Semin for Hooking.
1:50 of 3rd period - Eric Staal wins face-off versus Peter Mueller in Flames zone.
2:05 of 3rd period - Minor Penalty to Mikhail Grabovski for Hooking.
2:06 of 3rd period - Peter Mueller wins face-off versus Eric Staal in Flames zone.
2:14 of 3rd period - Snap shot by Martin Havlat.
2:14 of 3rd period - Goal by Martin Havlat - Flames : 4 - Blue Jackets : 3.
2:15 of 3rd period - Eric Staal wins face-off versus Peter Mueller in neutral zone.
2:22 of 3rd period - Slapshot by Steve Eminger.
2:22 of 3rd period - Deflect By Jordin Tootoo.
2:22 of 3rd period - Shot Misses the Net.
2:22 of 3rd period - Puck is out of play.
2:23 of 3rd period - Peter Mueller wins face-off versus Eric Staal in Blue Jackets zone.
3:16 of 3rd period - Snap shot by Peter Mueller.
3:16 of 3rd period - Goal by Peter Mueller - Flames : 4 - Blue Jackets : 4.
3:17 of 3rd period - Eric Staal wins face-off versus Dave Steckel in neutral zone.
4:21 of 3rd period - Snap shot by Steve Regier.
4:21 of 3rd period - Stopped by Rick DiPietro with a rebound.
4:49 of 3rd period - Snap shot by David Booth.
4:49 of 3rd period - Stopped by Pekka Rinne without a rebound.
4:50 of 3rd period - Patrik Berglund wins face-off versus Peter Mueller in Flames zone.
4:59 of 3rd period - Slapshot by Patrik Berglund.
4:59 of 3rd period - Stopped by Rick DiPietro with a rebound.
5:01 of 3rd period - Slapshot by Jordin Tootoo.
5:01 of 3rd period - Goal by Jordin Tootoo - Flames : 5 - Blue Jackets : 4.
5:02 of 3rd period - Peter Mueller wins face-off versus Eric Staal in neutral zone.
5:05 of 3rd period - Wrist shot by Branislav Mezei.
5:05 of 3rd period - Deflect By Martin Havlat.
5:05 of 3rd period - Shot Misses the Net.
5:05 of 3rd period - Puck is out of play.
5:06 of 3rd period - Eric Staal wins face-off versus Peter Mueller in Flames zone.
5:06 of 3rd period - Erik Johnson is hit by David Booth and loses puck.
5:45 of 3rd period - Snap shot by Steve Regier.
5:45 of 3rd period - Shot Blocked by Martin Havlat.
6:27 of 3rd period - Snap shot by Andreas Nodl.
6:27 of 3rd period - Shot Blocked by Lubomir Visnovsky.
6:33 of 3rd period - Slapshot by Lubomir Visnovsky.
6:33 of 3rd period - Stopped by Rick DiPietro with a rebound.
7:10 of 3rd period - Mike Brown is hit by Mikhail Grabovski and loses puck.
8:41 of 3rd period - Wrist shot by Jordin Tootoo.
8:41 of 3rd period - Goal by Jordin Tootoo - Flames : 6 - Blue Jackets : 4.
8:42 of 3rd period - David Booth wins face-off versus Eric Staal in neutral zone.
8:45 of 3rd period - Erik Johnson is hit by Mike Lundin and loses puck.
9:08 of 3rd period - Patrik Berglund is hit by Peter Worrell and loses puck.
10:16 of 3rd period - David Backes is hit by Peter Worrell and loses puck.
10:29 of 3rd period - Mike York is hit by Jordin Tootoo and loses puck.
10:49 of 3rd period - Snap shot by Michel Ouellet.
10:49 of 3rd period - Goal by Michel Ouellet - Flames : 7 - Blue Jackets : 4.
10:50 of 3rd period - Eric Staal wins face-off versus Peter Mueller in neutral zone.
11:27 of 3rd period - Snap shot by Jordin Tootoo.
11:27 of 3rd period - Shot Blocked by Mike Lundin.
11:33 of 3rd period - Minor Penalty to Mike Brown for Hooking.
11:34 of 3rd period - Eric Staal wins face-off versus David Booth in Blue Jackets zone.
12:32 of 3rd period - Off-side.
12:33 of 3rd period - Patrik Berglund wins face-off versus Peter Worrell in neutral zone.
12:44 of 3rd period - Snap shot by Patrik Berglund.
12:44 of 3rd period - Shot Blocked by Mike Lundin.
12:46 of 3rd period - Snap shot by Jordin Tootoo.
12:46 of 3rd period - Deflect By Steve Regier.
12:46 of 3rd period - Stopped by Rick DiPietro with a rebound.
13:33 of 3rd period - Penalty to Mike Brown is over, Mike Brown is back on ice.
13:58 of 3rd period - Wrist shot by Mikhail Grabovski.
13:58 of 3rd period - Stopped by Rick DiPietro without a rebound.
13:59 of 3rd period - Eric Staal wins face-off versus Andreas Nodl in Blue Jackets zone.
14:02 of 3rd period - Slapshot by Alexander Semin.
14:02 of 3rd period - Stopped by Rick DiPietro with a rebound.
14:04 of 3rd period - Wrist shot by Eric Staal.
14:04 of 3rd period - Stopped by Rick DiPietro with a rebound.
14:06 of 3rd period - Slapshot by Lubomir Visnovsky.
14:06 of 3rd period - Shot Blocked by Mike Lundin.
14:08 of 3rd period - Slapshot by Eric Staal.
14:08 of 3rd period - Deflect By Kevin Porter.
14:08 of 3rd period - Shot Misses the Net.
14:08 of 3rd period - Puck is out of play.
14:09 of 3rd period - Peter Mueller wins face-off versus Eric Staal in Blue Jackets zone.
14:20 of 3rd period - Snap shot by Martin Havlat.
14:20 of 3rd period - Stopped by Pekka Rinne without a rebound.
14:21 of 3rd period - Peter Mueller wins face-off versus Eric Staal in Flames zone.
14:22 of 3rd period - Snap shot by Martin Havlat.
14:22 of 3rd period - Shot Blocked by Alexander Semin.
14:24 of 3rd period - Wrist shot by Peter Mueller.
14:24 of 3rd period - Deflect By David Booth.
14:24 of 3rd period - Stopped by Pekka Rinne with a rebound.
14:26 of 3rd period - Wrist shot by Martin Havlat.
14:26 of 3rd period - Shot Blocked by Eric Staal.
14:28 of 3rd period - Snap shot by David Booth.
14:28 of 3rd period - Shot Misses the Net.
14:30 of 3rd period - Snap shot by Mike Lundin.
14:30 of 3rd period - Stopped by Pekka Rinne without a rebound.
14:31 of 3rd period - Eric Staal wins face-off versus Peter Mueller in Flames zone.
14:58 of 3rd period - Snap shot by Martin Havlat.
14:58 of 3rd period - Shot Misses the Net.
15:04 of 3rd period - Snap shot by Peter Mueller.
15:04 of 3rd period - Stopped by Pekka Rinne with a rebound.
15:06 of 3rd period - Slapshot by Martin Havlat.
15:06 of 3rd period - Deflect By Erik Johnson.
15:06 of 3rd period - Shot Blocked by Erik Johnson.
15:06 of 3rd period - Puck is out of play.
15:07 of 3rd period - Patrik Berglund wins face-off versus Dave Steckel in Flames zone.
15:14 of 3rd period - Ryan O'Byrne is hit by Patrik Berglund.
15:40 of 3rd period - Snap shot by Marcus Nilson.
15:40 of 3rd period - Shot Misses the Net.
15:50 of 3rd period - Snap shot by Mike Brown.
15:50 of 3rd period - Shot Misses the Net.
15:54 of 3rd period - Wrist shot by Mike Brown.
15:54 of 3rd period - Shot Misses the Net.
15:56 of 3rd period - Wrist shot by Ryan O'Byrne.
15:56 of 3rd period - Shot Misses the Net.
15:58 of 3rd period - Snap shot by Ryan O'Byrne.
15:58 of 3rd period - Shot Blocked by Derek Meech.
16:00 of 3rd period - Snap shot by Peter Worrell.
16:00 of 3rd period - Shot Misses the Net.
16:02 of 3rd period - Snap shot by Ryan O'Byrne.
16:02 of 3rd period - Stopped by Pekka Rinne with a rebound.
16:04 of 3rd period - Snap shot by Peter Worrell.
16:04 of 3rd period - Goal by Peter Worrell - Flames : 7 - Blue Jackets : 5.
16:05 of 3rd period - Steve Regier wins face-off versus David Booth in neutral zone.
16:08 of 3rd period - Mike Lundin is hit by Erik Johnson and loses puck.
16:44 of 3rd period - Minor Penalty to Martin Havlat for Hooking.
16:45 of 3rd period - Eric Staal wins face-off versus David Booth in Blue Jackets zone.
16:53 of 3rd period - Wrist shot by Eric Staal.
16:53 of 3rd period - Shot Misses the Net.
17:11 of 3rd period - Derek Meech is hit by Mike Lundin and loses puck.
17:44 of 3rd period - Slapshot by Jeff Taffe.
17:44 of 3rd period - Shot Blocked by Ron Hainsey.
18:24 of 3rd period - David Backes is hit by Mike Lundin and loses puck.
18:44 of 3rd period - Penalty to Martin Havlat is over, Martin Havlat is back on ice.
18:55 of 3rd period - Mikhail Grabovski is hit by Peter Worrell.
Goals for this period are 3 for Flames vs 3 for Blue Jackets.
Shots for this period are 10 for Flames vs 9 for Blue Jackets.
Back to the Top